AoeStats
← GhostyD

Oasis

508923788Analyzed
2v2 RM · 7d ago on Sep 24, 2026· 116m 42s· 4 players
Game mode
Random Map
Map size
Medium (4 player)
Population
200
Speed
Normal
Resources
Standard
Victory
Conquest
Starting age
Dark Age
Ending age
Imperial Age
RankedLock teamsTeams togetherTeam positionsShared explorationLock speedFull tech treeHidden civsTurbo modeCheats
Victory
Defeat
🇫🇷 Sicilians · France
1391
+13
🇫🇷 Huns · France
1295
+17
🇳🇴 Saxons · Norway
1339
-16
🇳🇴 Danes · Norway
1306
-14
MS-Skitat
10:32 Feudal Age
10:39 Loom
15:06 Castle Age
13:38 Double-Bit Axe
13:39 Horse Collar
15:25 Scale Mail Armor
22:00 Chain Mail Armor
26:07 Wheelbarrow
26:03 Bow Saw
28:40 Forging
28:38 Squires
28:23 Gambesons
28:26 Arson
30:13 Town Watch
33:47 Imperial Age
31:33 Pikeman
32:08 Fletching
32:37 Gold Mining
32:31 Hamask
34:25 Elite Varangian Guard
35:41 Plate Mail Armor
35:35 Conscription
39:04 Iron Casting
40:36 Halberdier
43:03 Blast Furnace
43:30 Hand Cart
43:16 Town Patrol
48:45 Heavy Scorpion
64:11 Caravan
79:30 Ballistics
80:15 Chemistry
84:57 Man-at-Arms
85:44 Long Swordsman
86:32 Two-Handed Swordsman
87:11 Champion
GhostyD
8:45 Loom
10:35 Feudal Age
11:29 Double-Bit Axe
11:25 Horse Collar
12:29 Man-at-Arms
17:24 Fletching
18:28 Forging
19:57 Arson
23:33 Castle Age
23:24 Scale Mail Armor
24:05 Long Swordsman
24:31 Gambesons
24:54 Squires
26:42 Bow Saw
31:41 Wheelbarrow
33:50 Heavy Plow
33:45 Gold Mining
33:48 Stone Mining
36:07 Chain Mail Armor
36:27 Iron Casting
38:32 Imperial Age
37:23 Chain Mail Armor
37:43 Iron Casting
37:53 Bodkin Arrow
40:44 Elite Varangian Guard
45:07 Conscription
44:42 Shield Wall
48:44 Caravan
49:11 Elite Hearth Troop
50:40 Hand Cart
52:00 Plate Mail Armor
53:34 Hand Cart
55:14 Two-Man Saw
55:32 Light Cavalry
56:22 Bloodlines
56:13 Husbandry
56:20 Scale Barding Armor
56:16 Bracer
57:27 Chain Barding Armor
58:25 Hussar
65:10 Ballistics
65:51 Chemistry
76:26 Onager
77:19 Siege Engineers
80:43 Treadmill Crane
81:15 Masonry
81:46 Hoardings
84:23 Pikeman
86:30 Halberdier
86:34 Capped Ram
87:36 Siege Ram
91:12 Gold Shaft Mining
91:10 Crop Rotation
110:46 Elite Skirmisher
111:32 Thumb Ring
111:28 Padded Archer Armor
Don't Worry Be Happy
6:00 Loom
9:03 Feudal Age
9:52 Double-Bit Axe
10:17 Horse Collar
15:07 Fletching
16:57 Gold Mining
19:57 Forging
19:48 Scale Mail Armor
20:02 Forging
26:15 Castle Age
26:37 Crossbowman
27:17 Bodkin Arrow
26:59 Crossbowman
30:40 Wheelbarrow
30:46 Bow Saw
30:52 Heavy Plow
34:24 Imperial Age
32:41 Chain Mail Armor
36:34 First Crusade
36:35 Conscription
38:17 Crop Rotation
38:24 Gold Shaft Mining
38:52 Plate Mail Armor
39:19 Iron Casting
39:39 Elite Serjeant
43:18 Blast Furnace
42:26 Heavy Scorpion
47:27 Caravan
49:05 Siphons
49:23 Ballistics
51:40 Siege Engineers
54:40 Hoardings
54:18 Masonry
55:25 Bracer
56:40 Scale Barding Armor
57:17 Husbandry
57:00 Light Cavalry
58:45 Chain Barding Armor
59:06 Bloodlines
60:13 Squires
60:00 Arson
63:58 Hand Cart
63:34 Town Watch
74:36 Plate Barding Armor
74:53 Capped Ram
76:36 Town Patrol
77:35 Siege Ram
78:42 Cavalier
81:43 Hauberk
87:21 Onager
88:37 Siege Onager
92:34 Siege Onager
93:03 Sappers
103:07 Coinage
102:48 Guilds
103:23 Pikeman
104:16 Halberdier
MrFeuillu
10:41 Feudal Age
17:25 Castle Age
16:18 Horse Collar
16:25 Double-Bit Axe
27:28 Scale Barding Armor
27:34 Forging
28:33 Wheelbarrow
27:48 Loom
28:05 Heavy Plow
28:18 Bow Saw
30:59 Imperial Age
28:54 Chain Barding Armor
29:19 Bloodlines
29:09 Husbandry
31:20 Marauders
32:01 Iron Casting
32:52 Plate Barding Armor
32:03 Elite Tarkan
33:50 Hand Cart
35:15 Blast Furnace
42:01 Fletching
42:11 Padded Archer Armor
42:41 Bodkin Arrow
42:32 Heavy Cavalry Archer
43:38 Parthian Tactics
44:27 Bracer
44:42 Leather Archer Armor
46:36 Thumb Ring
48:00 Ballistics
48:40 Chemistry
48:29 Caravan
50:44 Murder Holes
55:47 Light Cavalry
56:52 Hussar
75:47 Scale Mail Armor
78:58 Chain Mail Armor
78:07 Pikeman
78:50 Squires
78:11 Man-at-Arms
79:33 Long Swordsman
82:30 Two-Handed Swordsman
Connection lost

Rejoining the realm…

Still unreachable

The connection could not be restored.

Session expired

The server has moved on; the page needs a fresh start.